 Dungeon Crawl Stone Soup version 0.19.5 (webtiles) character file.

99 Gargoyl the Skirmisher (level 4, 0/39 (40) HPs)
             Began as a Ghoul Abyssal Knight on Apr 21, 2017.
             Was a Follower of Lugonu.
             Slain by Crazy Yiuf
             ... wielding a +4 quarterstaff of chaos
              (1 damage)
             ... on level 2 of the Dungeon.
             The game lasted 00:04:58 (1672 turns).

Gargoyl the Skirmisher (Ghoul Abyssal Knight)       Turns: 1672, Time: 00:04:59

HP:   0/39 (40)     AC: 11    Str: 15    XL:     4   Next: 72%
MP:   4/4           EV:  4    Int:  7    God:    Lugonu [*.....]
Gold: 95            SH:  0    Dex: 11    Spells: 0 memorised, 4 levels left

rFire  . . .     SeeInvis +     a - +1 hand axe
rCold  + . .     Gourm    .     i - +0 plate armour
rNeg   + + +     Faith    .     (no shield)
rPois  ∞         Spirit   .     (no helmet)
rElec  +         Reflect  .     (no cloak)
rCorr  .         Harm     .     (no gloves)
MR     .....                    (no boots)
Stlth  ..........               b - amulet of regeneration
                                k - ring of see invisible
                                d - ring "Kogufeh" {Wiz rElec Dex+2}

@: rotting, slowed, very slow
A: rotting body, claws 1, carnivore 3, cold resistance 1, negative energy
resistance 3, slow regeneration 1, torment resistance, unbreathing
a: Depart the Abyss, Renounce Religion


You were on level 2 of the Dungeon.
You worshipped Lugonu.
Lugonu was aware of your devotion.
You were not hungry.

You visited 1 branch of the dungeon, and saw 2 of its levels.
You visited the Abyss 1 time.

You collected 95 gold pieces.

Inventory:

Hand Weapons
 a - a +1 hand axe (weapon)
Armour
 i - a +0 plate armour (worn)
Jewellery
 b - an amulet of regeneration (around neck)
 d - the ring "Kogufeh" (left claw) {Wiz rElec Dex+2}
   (You found it on level 2 of the Abyss)

   [ring of wizardry]

   It improves your spell success rate.
   It affects your dexterity (+2).
   It insulates you from electricity.
 k - a ring of see invisible (right claw)
Scrolls
 j - a scroll of fog
 l - a scroll of remove curse
Potions
 e - 2 potions of heal wounds
 f - a potion of might {unknown}
 h - a potion of lignification {unknown}
 m - a potion of degeneration {unknown}
Comestibles
 c - 3 meat rations


   Skills:
 + Level 4.1 Fighting
 + Level 2.5 Axes
 * Level 2.5 Armour
 + Level 1.2 Dodging
 * Level 0.5 Spellcasting
 * Level 2.4 Invocations


You had 4 spell levels left.
You didn't know any spells.

Dungeon Overview and Level Annotations

Branches:
Dungeon (2/15)

Altars:

Annotations:
D:2 Crazy Yiuf


Innate Abilities, Weirdness & Mutations

Your body is rotting away.
You thrive on raw meat.
You are immune to poison.
You have sharp fingernails.
You are carnivorous and can eat meat at any time.
Your flesh is cold resistant. (rC+)
You are immune to negative energy. (rN+++)
You regenerate slowly when monsters are visible.
You are immune to unholy pain and torment.
You can survive without breathing.


Message History

You barely miss Crazy Yiuf. Crazy Yiuf hits you but does no damage.
You barely miss Crazy Yiuf. Crazy Yiuf hits you but does no damage.
You feel yourself slow down.
You closely miss Crazy Yiuf.
Crazy Yiuf hits you with a quarterstaff of chaos.
Crazy Yiuf freezes you. Crazy Yiuf hits you but does no damage.
Space warps horribly around you!
Ouch! That really hurt!
* * * LOW HITPOINT WARNING * * *
You hit Crazy Yiuf but do no damage.
Crazy Yiuf hits you with a quarterstaff of chaos.
* * * LOW HITPOINT WARNING * * *
Crazy Yiuf hits you but does no damage.
You closely miss Crazy Yiuf. Crazy Yiuf hits you but does no damage.
You feel as though you will be slow longer.
Your plate armour prevents you from hitting Crazy Yiuf.
Crazy Yiuf hits you with a quarterstaff of chaos.
* * * LOW HITPOINT WARNING * * *
Crazy Yiuf burns you.
You die...

##...).....#
#....#
...###.#####
♣P.P.♣ ...#
#.# ♣♣...♣
#### #[#
♣♣.♣♣ # #.#
♣♣.♣ .. ...
♣.♣♣ .## ###
♣♣.♣ .# ♣.♣♣
.# #@# #
#.g.# <#
#...# .#
#)..# .#
##### #####
.## #...#
..# ###
###.# #.#
#.# #.# #.#
#.# #.#


You could see Crazy Yiuf.

Vanquished Creatures
  5 adders (D:2)
  3 dart slugs
  2 leopard geckos (D:2)
  A ball python (D:1)
  6 bats
  3 giant cockroaches
  4 goblins
  6 hobgoblins
  5 kobolds
  A quokka (D:2)
  5 frilled lizards
  5 rats
46 creatures vanquished.

Notes
Turn   | Place    | Note
-------+----------+-------------------------------------------
     0 | Abyss:1  | Gargoyl the Ghoul Abyssal Knight began the quest for the Orb.
     0 | Abyss:1  | Reached XP level 1. HP: 19/19 MP: 1/1
    14 | Abyss:2  | Got a scorched amber ring
    70 | Abyss:2  | Noticed a smoke demon
    74 | Abyss:2  | Noticed an eidolon
   130 | Abyss:3  | Noticed a thrashing horror
   131 | Abyss:3  | Noticed a vampire bat
   136 | Abyss:3  | Noticed a demonic crawler
   139 | D:1      | Escaped the Abyss
   140 | D:1      | Identified the ring "Kogufeh" {Wiz rElec Dex+2} (You found it on level 2 of the Abyss)
   228 | D:1      | Reached XP level 2. HP: 19/26 MP: 2/2
   386 | D:1      | Reached skill level 4 in Fighting
   432 | D:1      | Reached * piety under Lugonu
   718 | D:1      | Reached XP level 3. HP: 33/33 MP: 3/3
   926 | D:2      | Reached skill level 1 in Dodging
  1097 | D:2      | Reached XP level 4. HP: 35/40 MP: 4/4
  1661 | D:2      | Found a runed door.
  1665 | D:2      | Noticed Crazy Yiuf
  1672 | D:2      | HP: 1/39 [Crazy Yiuf/quarterstaff of chaos (4)]
  1672 | D:2      | Slain by Crazy Yiuf

Skill      XL: |  1  2  3 |
---------------+----------+-----
Armour         | 2 |  2.5
Axes           | 2 |  2.5
Fighting       | 4 |  4.1
Dodging        | 1 |  1.2
Spellcasting   | |  0.5
Invocations    | |  2.4

Action                   |  1- 3 |  4- 6 || total
-------------------------+-------+-------++-------
Melee: Hand axe          |    89 |    85 ||   174
Invok: Depart the Abyss  |     1 |       ||     1
  Use: Scroll            |     4 |     2 ||     6
  Eat: Chunk             |    28 |     8 ||    36
Armor: Leather armour    |    11 |       ||    11
       Ring mail         |     4 |       ||     4
       Plate armour      |    55 |    84 ||   139
Dodge: Dodged            |    44 |    19 ||    63
